 Dungeon Sprint DCSS version 0.26.1-2-gb8aa6d0cf2 (webtiles) character file.

Game seed: 17932952479656196104

12300000 Groucho the Formicid Barricade (level 27, -25/218 (249) HPs)
             Began as a Formicid Fighter on Feb 14, 2021.
             Was the Champion of Makhleb.
             Killed from afar by a wretched soul (92 damage)
             ... with a bolt of negative energy
             ... in the Dungeon (Sprint VIII: "Arena of Blood").
             The game lasted 00:05:00 (123 turns).

Groucho the Formicid Barricade (Formicid Fighter)    Turns: 123, Time: 00:05:00

HP:   -25/218 (249) AC: 13    Str: 22    XL:     27
MP:   43/54         EV: 31    Int: 11    God:    Makhleb [******]
Gold: 0             SH: 19    Dex: 19    Spells: 80/80 levels left

rFire    . . .     SeeInvis +   h - +∞ Axe of Woe
rCold    . . .     Faith    .   c - +0 kite shield
rNeg     . . .     Spirit   .   b - +0 scale mail
rPois    .         Reflect  .   (helmet unavailable)
rElec    .         Harm     .   (no cloak)
rCorr    .         Rampage  .   (no gloves)
Will     ++...                  (no boots)
Stlth    ++++++++..             (no amulet)
HPRegen  0.46/turn              (no ring)
MPRegen  0.34/turn              (no ring)

@: lethally poisoned (-25 -> -30), heavily drained
A: permanent stasis, dig shafts and tunnels, four strong arms, antennae 3
a: Dig, Renounce Religion, Minor Destruction, Lesser Servant of Makhleb, Major
Destruction, Greater Servant of Makhleb


You were in the Dungeon.
You worshipped Makhleb.
Makhleb was exalted by your worship.
You visited 1 branch

Inventory:

Hand Weapons
 a - a +0 war axe
 h - the +∞ Axe of Woe (weapon)
   (You found it in the Dungeon)
Armour
 b - a +0 scale mail (worn)
 c - a +0 kite shield (worn)
Potions
 d - a potion of might
 e - a potion of curing
 f - a potion of heal wounds
 g - 2 potions of magic


   Skills:
 O Level 27 Fighting
 O Level 27 Short Blades
 O Level 27 Long Blades
 O Level 27 Axes
 O Level 27 Maces & Flails
 O Level 27 Polearms
 O Level 27 Staves
 O Level 27 Slings
 O Level 27 Bows
 O Level 27 Crossbows
 O Level 27 Throwing
 O Level 27 Armour
 O Level 27 Dodging
 O Level 27 Stealth
 O Level 27 Shields
 O Level 27 Unarmed Combat
 O Level 27 Spellcasting
 O Level 27 Conjurations
 O Level 27 Hexes
 O Level 27 Summonings
 O Level 27 Necromancy
 O Level 27 Translocations
 O Level 27 Transmutations
 O Level 27 Fire Magic
 O Level 27 Ice Magic
 O Level 27 Air Magic
 O Level 27 Earth Magic
 O Level 27 Poison Magic
 O Level 27 Invocations
 O Level 27 Evocations


You had 80 spell levels left.
You didn't know any spells.
Your spell library was empty.

Dungeon Overview and Level Annotations

Branches:
Dungeon (1/1)

Altars:
Makhleb


Innate Abilities, Weirdness & Mutations

You cannot be hasted, slowed, berserked, paralysed or teleported.
You can dig through walls and to a lower floor.
Your four strong arms can wield two-handed weapons with a shield.
You have a pair of large antennae on your head. (SInv)


Message History

The large bag of meat is engulfed in blazing flames.
The large bag of meat hits your green death with a +9 giant spiked club!!!!
Your green death dies!
You hear a shout!
The large bag of meat shouts in stereo!
You hit the bag of meat.
You dissect the bag of meat like a pig carcass.
You kill the bag of meat!
Makhleb accepts your kill.
You feel better.
You feel sick.
You hear a shout! x3
The eight-headed meat hydra calls on the powers of darkness!
The eight-headed meat hydra convulses!
Your body is wracked with pain!
* * * LOW HITPOINT WARNING * * *
The bag of meat convulses!
The meat berserker convulses!
The bag of meat convulses!
The wretched soul breathes negative energy at you.
The bolt of negative energy hits you!!!!
You feel drained.
You die...

.. ..... #.
...# #.. ..W# .
.###..°
{WW###..
......###.WD...
......_M....
#..))W# #_°@)_#
§#.))))# {
§....._..oM. o
......###O...O.
.###.. ...###o.
#.. ...#{S . #.
...# { .. .....


You could see 2 accurseds, an eight-headed meat hydra, a large bag of meat
(inner flame), a wretched soul (invisible), 4 dreads, a meat berserker (berserk)
and 2 bags of meat.

Vanquished Creatures
  Sigmund (D)
  9 hell beasts (D)
  4 royal mummies (D)
  A great orb of eyes (D)
  A wraith (D)
  6 vampire knights (D)
  35 ogres (D)
  8 two-headed ogres (D)
  5 liches (D)
  3 hydras (D)
  51 orcs (D)
  2 phantoms (D)
  2 skeletal warriors (D)
  A sea snake (D)
  9 large abominations (D)
  3 small abominations (D)
  A crawling corpse (D)
142 creatures vanquished.

Vanquished Creatures (collateral kills)
  A crawling corpse (D)
1 creature vanquished.

Grand Total: 143 creatures vanquished

Notes
Turn   | Place    | Note
-------+----------+-------------------------------------------
     0 | D        | Found the +∞ Axe of Woe
     0 | D        | Groucho the Formicid Fighter began the quest for the Orb.
     0 | D        | Reached XP level 1. HP: 18/18 MP: 1/1
     2 | D        | Noticed a meat berserker
     2 | D        | Noticed a bag of meat
     2 | D        | Noticed a bag of meat
     3 | D        | Noticed a bag of meat
     4 | D        | Became a worshipper of Makhleb the Destroyer
     4 | D        | Noticed a bag of meat
     4 | D        | Noticed a bag of meat
     5 | D        | Killed a meat berserker
     5 | D        | Noticed a bag of meat
     6 | D        | Reached skill level 15 in Dodging
     6 | D        | Reached XP level 2. HP: 48/48 MP: 2/2
     6 | D        | Reached XP level 3. HP: 54/54 MP: 3/3
     6 | D        | Reached XP level 4. HP: 62/62 MP: 4/4
     6 | D        | Reached XP level 5. HP: 68/68 MP: 5/5
     6 | D        | Reached XP level 6. HP: 75/75 MP: 6/6
     6 | D        | Reached XP level 7. HP: 82/82 MP: 7/7
     6 | D        | Reached XP level 8. HP: 89/89 MP: 8/8
     6 | D        | Reached XP level 9. HP: 95/95 MP: 9/9
     6 | D        | Reached XP level 10. HP: 103/103 MP: 10/10
     6 | D        | Reached XP level 11. HP: 109/109 MP: 11/11
     6 | D        | Reached XP level 12. HP: 116/116 MP: 12/12
     6 | D        | Reached XP level 13. HP: 122/122 MP: 13/13
     6 | D        | Noticed a meat berserker
     7 | D        | Noticed a bag of meat
     8 | D        | Killed a bag of meat
     8 | D        | Reached * piety under Makhleb
     8 | D        | Killed a bag of meat
     8 | D        | Killed a bag of meat
     9 | D        | Reached XP level 14. HP: 139/139 MP: 14/14
     9 | D        | Reached XP level 15. HP: 146/146 MP: 15/15
     9 | D        | Reached ** piety under Makhleb
     9 | D        | Killed a meat berserker
    10 | D        | Reached skill level 27 in Shields
    10 | D        | Reached XP level 16. HP: 162/162 MP: 16/16
    10 | D        | Reached XP level 17. HP: 169/169 MP: 17/17
    10 | D        | Reached *** piety under Makhleb
    13 | D        | Noticed a large bag of meat
    13 | D        | Noticed a meat berserker
    15 | D        | Reached skill level 27 in Fighting
    15 | D        | Reached XP level 18. HP: 182/182 MP: 18/18
    18 | D        | Killed a meat berserker
    19 | D        | Reached skill level 27 in Axes
    19 | D        | Noticed a meat berserker
    20 | D        | Killed a large bag of meat
    20 | D        | Reached **** piety under Makhleb
    20 | D        | Noticed a meat berserker
    21 | D        | Reached skill level 27 in Dodging
    21 | D        | Reached XP level 19. HP: 160/189 MP: 18/35
    22 | D        | Noticed a large bag of meat
    22 | D        | Noticed a meat berserker
    22 | D        | Noticed a meat berserker
    23 | D        | Reached skill level 27 in Invocations
    23 | D        | Reached skill level 5 in Maces & Flails
    23 | D        | Reached skill level 5 in Polearms
    23 | D        | Reached skill level 5 in Unarmed Combat
    24 | D        | Reached skill level 10 in Maces & Flails
    24 | D        | Reached skill level 10 in Polearms
    24 | D        | Reached skill level 10 in Unarmed Combat
    24 | D        | Reached XP level 20. HP: 197/197 MP: 18/37
    24 | D        | Killed a meat berserker
    24 | D        | Reached ***** piety under Makhleb
    24 | D        | Killed a meat berserker
    25 | D        | Reached XP level 21. HP: 204/204 MP: 18/38
    26 | D        | Noticed a large bag of meat
    26 | D        | Killed a meat berserker
    27 | D        | Killed a meat berserker
    28 | D        | Reached skill level 15 in Armour
    28 | D        | Killed a large bag of meat
    29 | D        | Reached XP level 22. HP: 186/212 MP: 19/39
    30 | D        | Noticed a large bag of meat
    32 | D        | Killed a large bag of meat
    32 | D        | Reached ****** piety under Makhleb
    33 | D        | Reached XP level 23. HP: 182/219 MP: 20/40
    34 | D        | Killed a large bag of meat
    35 | D        | Reached skill level 27 in Maces & Flails
    35 | D        | Reached skill level 27 in Polearms
    35 | D        | Reached skill level 27 in Armour
    35 | D        | Reached skill level 27 in Unarmed Combat
    35 | D        | Reached skill level 5 in Short Blades
    35 | D        | Reached skill level 5 in Long Blades
    35 | D        | Reached skill level 5 in Staves
    35 | D        | Noticed a destroyer
    40 | D        | Killed a destroyer
    41 | D        | Reached XP level 24. HP: 107/227 MP: 22/40
    44 | D        | Reached XP level 25. HP: 218/234 MP: 23/40
    45 | D        | Noticed an accursed
    47 | D        | Noticed a tyrant
    47 | D        | Killed a tyrant
    48 | D        | Reached skill level 27 in Short Blades
    48 | D        | Reached skill level 27 in Long Blades
    48 | D        | Reached skill level 27 in Staves
    48 | D        | Reached XP level 26. HP: 232/242 MP: 23/40
    48 | D        | Noticed an accursed
    50 | D        | Reached XP level 27. HP: 249/249 MP: 24/40
    51 | D        | Killed an accursed
    51 | D        | Noticed a large bag of meat
    55 | D        | Reached skill level 27 in Slings
    57 | D        | Killed a large bag of meat
    58 | D        | Reached skill level 27 in Crossbows
    58 | D        | Reached skill level 27 in Throwing
    58 | D        | Noticed a meat beast
    58 | D        | Noticed The Captor
    59 | D        | Noticed a destroyer
    60 | D        | Noticed a dread
    60 | D        | Killed a meat beast
    61 | D        | Reached skill level 27 in Bows
    61 | D        | Reached skill level 10 in Air Magic
    61 | D        | Reached skill level 15 in Poison Magic
    61 | D        | Noticed a meat beast
    61 | D        | Noticed a destroyer
    63 | D        | Killed The Captor
    63 | D        | Killed a meat beast
    63 | D        | Killed an accursed
    64 | D        | Reached skill level 27 in Hexes
    64 | D        | Reached skill level 27 in Earth Magic
    64 | D        | Reached skill level 27 in Poison Magic
    64 | D        | Killed a dread
    65 | D        | Reached skill level 27 in Transmutations
    65 | D        | Noticed a meat beast
    67 | D        | Reached skill level 27 in Spellcasting
    67 | D        | Reached skill level 27 in Summonings
    67 | D        | Reached skill level 27 in Necromancy
    67 | D        | Reached skill level 27 in Fire Magic
    67 | D        | Reached skill level 27 in Ice Magic
    68 | D        | Killed a meat beast
    68 | D        | Killed a destroyer
    69 | D        | Reached skill level 27 in Conjurations
    69 | D        | Reached skill level 27 in Translocations
    69 | D        | Reached skill level 27 in Air Magic
    69 | D        | Reached skill level 27 in Stealth
    69 | D        | Reached skill level 27 in Evocations
    70 | D        | Killed a destroyer
    70 | D        | Noticed a large bag of meat
    72 | D        | Noticed a tyrant
    75 | D        | Noticed a meat beast
    75 | D        | Killed a large bag of meat
    75 | D        | Noticed a tyrant
    76 | D        | Noticed a large bag of meat
    77 | D        | Killed a tyrant
    78 | D        | Noticed a meat beast
    78 | D        | Killed a large bag of meat
    80 | D        | Noticed a meat beast
    81 | D        | Killed a meat beast
    81 | D        | Noticed a meat beast
    82 | D        | Killed a tyrant
    83 | D        | Killed a meat beast
    85 | D        | Killed a meat beast
    86 | D        | Noticed a meat beast
    88 | D        | Noticed an accursed
    89 | D        | Killed a meat beast
    90 | D        | Noticed a tyrant
    90 | D        | Noticed a tyrant
    91 | D        | Noticed a meat beast
    96 | D        | Killed a tyrant
    96 | D        | Noticed a large bag of meat
    97 | D        | Killed a meat beast
    98 | D        | Noticed an accursed
    99 | D        | Noticed a destroyer
    99 | D        | Killed a large bag of meat
    99 | D        | Noticed a destroyer
   104 | D        | Killed a tyrant
   105 | D        | Noticed an accursed
   106 | D        | Noticed a destroyer
   109 | D        | Noticed a meat beast
   110 | D        | Killed a destroyer
   111 | D        | Noticed a destroyer
   113 | D        | Killed an accursed
   114 | D        | Killed a meat beast
   114 | D        | Noticed an accursed
   115 | D        | Killed a destroyer
   115 | D        | Killed a destroyer
   116 | D        | Noticed a dread
   117 | D        | Noticed a dread
   118 | D        | Noticed a dread
   120 | D        | Killed an accursed
   120 | D        | Noticed a dread
   121 | D        | Noticed a large bag of meat
   123 | D        | Killed from afar by a wretched soul

Illustrated notes

Levels and vault maps discovered:
D:        meatsprint

Skill      XL: |  1  2  3  4  5  6  7  8  9 10 11 12 13 14 15 16 17 18 19 20 21 22 23 24 25 26 27 |
---------------+----------------------------------------------------------------------------------+-----
Fighting       | 18 21 25 27 | 27.0
Axes           | 16 20 23 25 27 | 27.0
Dodging        | 15 18 21 23 27 | 27.0
Shields        | 19 23 27 | 27.0
Invocations    | 25 27 | 27.0
Maces & Flails | 10 18 23 26 27 | 27.0
Polearms       | 10 18 23 26 27 | 27.0
Unarmed Combat | 10 18 23 26 27 | 27.0
Armour         | 18 22 27 | 27.0
Short Blades   | 19 25 27 | 27.0
Long Blades    | 19 25 27 | 27.0
Staves         | 19 25 27 | 27.0
Slings         | 12 22 27 | 27.0
Bows           | 9 17 27 | 27.0
Crossbows      | 11 20 27 | 27.0
Throwing       | 11 20 27 | 27.0
Spellcasting   | 27 | 27.0
Conjurations   | 27 | 27.0
Hexes          | 27 | 27.0
Summonings     | 27 | 27.0
Necromancy     | 27 | 27.0
Translocations | 27 | 27.0
Transmutations | 27 | 27.0
Fire Magic     | 27 | 27.0
Ice Magic      | 27 | 27.0
Air Magic      | 27 | 27.0
Earth Magic    | 27 | 27.0
Poison Magic   | 27 | 27.0
Stealth        | 27 | 27.0
Evocations     | 27 | 27.0

Action                   |  1- 3 |  4- 6 |  7- 9 | 10-12 | 13-15 | 16-18 | 19-21 | 22-24 | 25-27 || total
-------------------------+-------+-------+-------+-------+-------+-------+-------+-------+-------++-------
Melee: Executioner's axe |     1 |       |       |       |     2 |     4 |     6 |     7 |    58 ||    78
Invok: Greater Servant o |       |       |       |       |       |       |       |     3 |    17 ||    20
 Stab: Distracted        |       |       |       |       |       |       |       |       |     1 ||     1
Armor: Scale mail        |       |       |       |       |       |       |       |       |     1 ||     1
Dodge: Dodged            |       |       |       |       |       |       |       |       |     5 ||     5
Block: Kite shield       |       |       |       |       |       |       |     1 |     1 |     7 ||     9
